 Dungeon Crawl Stone Soup version 0.22-a0-284-g99d1f74 (webtiles) character file.

2 Amnesiac the Ducker (level 1, 0/11 HPs)
             Began as a Spriggan Fighter on Mar 21, 2018.
             Slain by a rat (3 damage)
             ... on level 3 of the Dungeon.
             The game lasted 00:00:22 (275 turns).

Amnesiac the Ducker (Spriggan Fighter)               Turns: 275, Time: 00:00:23

Health: 0/11       AC:  2    Str: 17    XL:     1   Next: 25%
Magic:  2/2        EV: 19    Int:  9    God:
Gold:   29         SH:  6    Dex: 15    Spells: 0/0 levels left

rFire    . . .     SeeInvis +   a - +0 long sword
rCold    . . .     Gourm    .   c - +0 buckler
rNeg     . . .     Faith    .   b - +0 robe
rPois    .         Spirit   .   (helmet restricted)
rElec    .         Reflect  .   (no cloak)
rCorr    .         Harm     .   (gloves unavailable)
MR       .....                  (boots unavailable)
Stlth    +.........             (no amulet)
HPRegen  0.03/turn              (no ring)
MPRegen  0.08/turn              (no ring)

@: mighty, very quick
A: very small, unfitting armour, see invisible, herbivore, speed 3, slow
metabolism 2
a: no special abilities


You were on level 3 of the Dungeon.
You were not hungry.

You visited 1 branch of the dungeon, and saw 3 of its levels.

You collected 29 gold pieces.

Inventory:

Hand Weapons
 a - a +0 long sword (weapon)
Armour
 b - a +0 robe (worn)
 c - a +0 buckler (worn)
Comestibles
 f - 2 rations


   Skills:
 + Level 2.4 Fighting
 * Level 1.6 Long Blades
 + Level 4.4 Dodging
 + Level 2.2 Shields


You couldn't memorise any spells.
You didn't know any spells.

Dungeon Overview and Level Annotations

Branches:
Dungeon (3/15)

Altars:
Ru
The Shining One

Annotations:
D:2 Terence


Innate Abilities, Weirdness & Mutations

You are very small and have problems with some larger weapons.
You are too small for most types of armour.
You have supernaturally acute eyesight. (SInv)
You are a herbivore.
You cover ground extremely quickly.
You need to consume almost no food.


Message History

You open the door.
There is an open door here.
There is an open door here.
You open the door.
There is an open door here.
You open the door.
There is an open door here.
As you open the door, it creaks loudly!
There is an open door here.
You open the door.
There is an open door here.
There is an open door here.
You open the door.
There is an open door here.
f - 2 rations (gained 1)
You now have 13 gold pieces (gained 5).
Found a ring mail.
There is an open door here.
There is an open door here.
There is a stone staircase leading down here.
You climb downwards.
A rat, 2 goblins and Terence come into view.
Terence shouts!
The goblin shouts! x2
Found a plate armour and 16 gold pieces.
Found a glowing golden altar of the Shining One and a sacrificial altar of Ru.
Found a stone staircase leading down.
There is a stone staircase leading up here.
You block the rat's attack.
A rat comes into view.
Found a ration.
The rat barely misses you.
You see here 16 gold pieces.
You now have 29 gold pieces (gained 16).
The rat misses you. The rat bites you.
There is a stone staircase leading down here.
HP restored.
The rat closely misses you.
You riposte.
You barely miss the rat.
You climb downwards. 2 orcs come into view.
The orc shouts!
There is a stone staircase leading up here.
The rat closely misses you.
Press: ? - help, v - describe, . - travel
Here: an orc, wielding an enchanted short sword and wearing a scale mail The floor.
Unknown command.
You hit the orc.
The orc is lightly wounded.
The orc hits you with an enchanted short sword!
Ouch! That really hurt!
* * * LOW HITPOINT WARNING * * *
The orc hits you.
* * * LOW HITPOINT WARNING * * *
You block the rat's attack.
You hit the orc.
You kill the orc!
The orc hits you but does no damage. You block the rat's attack.
The orc barely misses you.
You riposte.
You closely miss the orc.
An orc comes into view.
The orc shouts!
Really quaff
d - a potion of might {!q}?
You feel very mighty all of a sudden. The rat bites you.
You die...

# ###
#.#.##+
#.#.#.
....
#o##
#@<#
#ro#
#..#
...#
##.##
#+#


You could see 2 orcs and a rat.

Vanquished Creatures
  An orc (D:3)
1 creature vanquished.

Notes
Turn   | Place    | Note
-------+----------+-------------------------------------------
     0 | D:1      | Amnesiac the Spriggan Fighter began the quest for the Orb.
     0 | D:1      | Reached XP level 1. HP: 11/11 MP: 2/2
   259 | D:2      | Found a glowing golden altar of the Shining One.
   259 | D:2      | Found a sacrificial altar of Ru.
   259 | D:2      | Noticed Terence
   275 | D:3      | Slain by a rat

Vault maps used:
D:1:      dpeg_arrival_water_fire, feat_on_display
D:2:      grunt_temple_overflow_open, uniq_terence
D:3:      led_sif_book, minitemple, serial_glass, glass_columns_b,
          glass_columns_c, kennysheep_orc_chapel

Action                   || total
-------------------------++-------
Melee: Long sword        ||     2
  Use: Potion            ||     1
Dodge: Dodged            ||     5
Block: Buckler           ||     3
       Rpst.: Long sword ||     2

Table legend:
 A = Spawn XP
 B = Non-spawn XP
 C = Spawn XP percentage of total XP
 D = Spawn monster count
 E = Non-spawn monster count
 F = Spawn count percentage of total count
 G = Total turns spent on level
                    A         B        C        D         E        F      G
               +---------+---------+-------+---------+---------+-------+---------
         Total |       0 |       3 |   0.0 |       0 |       1 |   0.0 |   275
               +---------+---------+-------+---------+---------+-------+---------
           D:3 |       0 |       3 |   0.0 |       0 |       1 |   0.0 |     4
               +---------+---------+-------+---------+---------+-------+---------
